 Dungeon Crawl Stone Soup version 0.21.0-3-g78d12a8bdd (webtiles) character file.

1050 Esekla the Slasher (level 8, 0/60 HPs)
             Began as a Formicid Conjurer on Jan 10, 2018.
             Slain by a hippogriff (4 damage)
             ... on level 8 of the Dungeon.
             The game lasted 01:15:25 (6523 turns).

Esekla the Slasher (Formicid Conjurer)              Turns: 6523, Time: 01:15:26

Health: 0/60       AC:  4    Str: 16    XL:     8   Next: 50%
Magic:  11/11      EV: 13    Int: 21    God:
Gold:   237        SH:  0    Dex: 11    Spells: 2/12 levels left

rFire    . . .     SeeInvis +   n - +2 falchion (holy)
rCold    . . .     Gourm    .   (no shield)
rNeg     . . .     Faith    .   a - +0 robe
rPois    .         Spirit   .   (helmet unavailable)
rElec    .         Reflect  .   (no cloak)
rCorr    .         Harm     .   f - +1 pair of gloves {archery}
MR       .....                  (no boots)
Stlth    +++.......             (no amulet)
HPRegen  0.20/turn              s - +4 ring of intelligence
MPRegen  0.12/turn              v - +3 ring of strength

@: no status effects
A: permanent stasis, dig shafts and tunnels, four strong arms, antennae 3
a: Dig, Shaft Self


You were on level 8 of the Dungeon.
You were not hungry.

You visited 1 branch of the dungeon, and saw 7 of its levels.
You also visited: Sewer.

You collected 237 gold pieces.

Inventory:

Hand Weapons
 d - a +0 dagger
 m - a +0 hunting sling of freezing
 n - a +2 falchion of holy wrath (weapon)
 x - a +1 whip of electrocution
 B - a +0 shortbow
Missiles
 i - 59 stones (quivered)
 C - 21 arrows
Armour
 a - a +0 robe (worn)
 f - a +1 pair of gloves of archery (worn)
 y - a +2 pair of gloves
Jewellery
 s - a +4 ring of intelligence (left hand)
 v - a +3 ring of strength (right hand)
Wands
 g - a wand of enslavement (6)
 w - a wand of random effects (28)
Scrolls
 e - 6 scrolls of remove curse
 h - a scroll of blinking {unknown}
 j - 2 scrolls of amnesia {unknown}
 p - a scroll of enchant armour {unknown}
 q - a scroll of noise {unknown}
 r - a scroll of teleportation {unknown}
 t - a scroll of enchant weapon {unknown}
 z - a scroll of magic mapping {unknown}
Potions
 k - a potion of lignification
 l - a potion of might
 o - a potion of flight {unknown}
 u - a potion of heal wounds {unknown}
 A - a potion of berserk rage {unknown}
Books
 b - a book of Conjurations

   Spells                             Type                      Level
   a - Magic Dart                     Conjuration                  1
   b - Searing Ray                    Conjuration                  2
   c - Dazzling Spray                 Conjuration/Hexes            3
   d - Fulminant Prism                Conjuration/Hexes            4
   e - Force Lance                    Conjuration/Translocation    4
   f - Iskenderun's Mystic Blast      Conjuration                  4
Comestibles
 c - 4 rations


   Skills:
 + Level 3.8 Fighting
 - Level 2.6(4.2) Short Blades
 * Level 5.0(5.4) Long Blades
 + Level 0.8 Slings
 + Level 3.3 Dodging
 + Level 4.6 Stealth
 + Level 2.5 Spellcasting
 + Level 4.1 Conjurations
 + Level 3.3 Hexes


You had 2 spell levels left.
You knew the following spells:

 Your Spells              Type           Power        Failure   Level  Hunger
a - Magic Dart            Conj           ###.         2%          1    None
b - Searing Ray           Conj           ###...       3%          2    ##.....
c - Dazzling Spray        Conj/Hex       ###...       9%          3    ###....
d - Iskenderun's Mystic   Conj           ###.....     26%         4    ####...


Dungeon Overview and Level Annotations

Branches:
Dungeon (6/15)
 Temple: D:4-7

Altars:
Elyvilon
Fedhas
Kikubaaqudgha
Nemelex Xobeh
Qazlal
Ru
Trog
Yredelemnul
The Shining One

Annotations:
D:2 2 transporters, Menkaure
D:4 Pikel
D:5 puimuR's ghost, amateur HOMo
D:8 4 runed doors


Innate Abilities, Weirdness & Mutations

You cannot be hasted, slowed, berserked, paralysed or teleported.
You can dig through walls and to a lower floor.
Your four strong arms can wield two-handed weapons with a shield.
You have a pair of large antennae on your head. (SInv)


Message History

You riposte.
You closely miss the polar bear. The polar bear claws you. x2
The dream sheep barely misses you. The manticore bites you.
The manticore claws you. The manticore barely misses you.
You begin to dig a shaft.
You continue digging a shaft.
The wolf bites you! x2; The polar bear barely misses you.
The polar bear claws you.
The polar bear claws you but does no damage.
The hippogriff closely misses you.
You riposte.
You barely miss the hippogriff. The hippogriff misses you.
The hippogriff closely misses you. The black bear bites you.
* * * LOW HITPOINT WARNING * * *
The black bear claws you.
* * * LOW HITPOINT WARNING * * *
The black bear claws you but does no damage.
The hippogriff bites you.
* * * LOW HITPOINT WARNING * * *
The hippogriff pecks you.
* * * LOW HITPOINT WARNING * * *
The hippogriff claws you.
You die...

... .... {
#O..#######
..#.....#
.#..Yh.#
+hYh..#


+.hHHh# +.h@hH# +HhYHh# ..#..h.H# #...#.....# #...####### .... ..# ## You could
see a two-headed ogre, a manticore, 3 polar bears, 5 hippogriffs, 2 yaks, a hog,
5 black bears, a wolf and a dream sheep.

Vanquished Creatures
  2 ogres
  A centaur (D:5)
  The ghost of Libelnon the Magician, an amateur DEWz (D:3)
  3 bullfrogs
  A crimson imp (D:5)
  A hound (D:4)
  A bullfrog skeleton (D:4)
  2 centaur skeletons
  An orc wizard (D:3)
  2 worker ants
  A hound skeleton (D:4)
  Robin (D:4)
  5 gnolls
  A howler monkey skeleton (D:4)
  7 adders
  A shadow imp (D:6)
  4 oozes
  An adder skeleton (D:4)
  A worm (D:2)
  A dart slug (D:2)
  9 leopard geckos
  5 orcs
  8 bats
  17 giant cockroaches
  18 goblins
  11 hobgoblins
  11 jackals
  9 kobolds
  2 quokkas
  3 ball pythons (Sewer)
  5 frilled lizards
  A jackal skeleton (D:5)
  A quokka skeleton (D:6)
  12 rats
150 creatures vanquished.

Vanquished Creatures (others)
  A jackal (D:4)
  A quokka (D:4)
  A ball python (D:4)
3 creatures vanquished.

Grand Total: 153 creatures vanquished

Notes
Turn   | Place    | Note
-------+----------+-------------------------------------------
     0 | D:1      | Esekla the Formicid Conjurer began the quest for the Orb.
     0 | D:1      | Reached XP level 1. HP: 13/13 MP: 3/3
   163 | D:1      | Reached XP level 2. HP: 16/20 MP: 1/5
   168 | D:1      | Learned a level 2 spell: Searing Ray
   250 | D:2      | Reached skill level 1 in Fighting
   309 | D:2      | Found a stormy altar of Qazlal.
   313 | D:2      | Found a blossoming altar of Fedhas.
   349 | D:2      | Reached XP level 3. HP: 20/26 MP: 3/6
   424 | D:2      | Learned a level 3 spell: Dazzling Spray
  1004 | D:1      | Reached XP level 4. HP: 25/32 MP: 7/7
  1063 | D:1      | Reached skill level 1 in Short Blades
  1319 | D:2      | Found an ancient bone altar of Kikubaaqudgha.
  1319 | D:2      | Found a transporter.
  1319 | D:2      | Found a basalt altar of Yredelemnul.
  1327 | D:2      | Noticed Menkaure
  1327 | D:2      | Noticed a phantom
  1353 | D:2      | Found a sacrificial altar of Ru.
  1372 | D:2      | Noticed a hungry ghost
  1484 | D:2      | Found a transporter.
  1677 | D:2      | Reached skill level 1 in Hexes
  1950 | D:3      | Found a sparkling altar of Nemelex Xobeh.
  1963 | D:3      | Reached XP level 5. HP: 37/37 MP: 8/8
  1965 | D:3      | Noticed Libelnon's ghost (amateur DEWz)
  1971 | D:3      | You fall through a shaft!
  1971 | D:4      | Noticed a bullfrog
  1973 | D:4      | Noticed a slave
  1976 | D:4      | You fall through a shaft!
  1976 | D:5      | Entered Level 5 of the Dungeon
  2073 | D:4      | Noticed an ogre
  2081 | D:4      | You fall through a shaft for 2 floors!
  2164 | D:6      | Noticed a yak
  2171 | D:6      | Noticed a yak
  2171 | D:6      | Noticed a yak
  2173 | D:5      | Noticed a wyvern
  2197 | D:4      | Found a glowing golden altar of the Shining One.
  2197 | D:4      | Noticed a slave
  2198 | D:4      | Noticed Pikel
  2213 | D:4      | Noticed an ogre
  2217 | D:4      | Killed an ogre
  2217 | D:4      | Reached XP level 6. HP: 46/46 MP: 4/9
  2297 | D:4      | Noticed a slave
  2298 | D:4      | Found a white marble altar of Elyvilon.
  2304 | D:4      | Noticed a slave
  2532 | D:4      | Found a glowing drain.
  2588 | Sewer    | Entered a sewer
  2697 | Sewer    | Reached skill level 1 in Long Blades
  2891 | Sewer    | Reached skill level 2 in Long Blades
  2891 | Sewer    | Reached XP level 7. HP: 11/51 MP: 3/10
  3453 | D:3      | Learned a level 4 spell: Iskenderun's Mystic Blast
  3708 | D:3      | Reached skill level 3 in Long Blades
  3717 | D:3      | You fall through a shaft for 2 floors!
  4145 | D:4      | Noticed Robin
  4169 | D:4      | Killed Robin
  4540 | D:4      | Reached XP level 8. HP: 56/58 MP: 11/11
  4615 | D:4      | Reached skill level 4 in Long Blades
  4803 | D:3      | Killed Libelnon's ghost
  4884 | D:3      | Found a bloodstained altar of Trog.
  5509 | D:5      | Noticed puimuR's ghost (amateur HOMo)
  6076 | D:5      | Reached skill level 5 in Long Blades
  6521 | D:5      | You fall through a shaft for 3 floors!
  6521 | D:8      | Found a huge runed gate.
  6521 | D:8      | Found a huge runed gate.
  6521 | D:8      | Found a huge runed gate.
  6521 | D:8      | Found a huge runed gate.
  6521 | D:8      | Noticed a yak
  6521 | D:8      | Noticed a yak
  6521 | D:8      | Noticed a polar bear
  6521 | D:8      | Noticed a hippogriff
  6521 | D:8      | Noticed a manticore
  6521 | D:8      | Noticed a polar bear
  6521 | D:8      | Noticed a polar bear
  6521 | D:8      | Noticed a dream sheep
  6521 | D:8      | Noticed a hippogriff
  6521 | D:8      | Noticed a hog
  6521 | D:8      | Noticed a hippogriff
  6521 | D:8      | Noticed a hippogriff
  6521 | D:8      | Noticed a hippogriff
  6521 | D:8      | Noticed a two-headed ogre
  6523 | D:8      | Slain by a hippogriff

Skill      XL: |  1  2  3  4  5  6  7  8 |
---------------+-------------------------+-----
Fighting       | 1 2 3 |  3.8
Conjurations   | 4 |  4.1
Dodging        | 2 3 |  3.3
Short Blades   | 2 |  2.6
Hexes          | 1 2 3 |  3.3
Stealth        | 3 4 |  4.6
Long Blades    | 2 3 5 |  5.0
Slings         | |  0.8
Spellcasting   | |  2.5

Action                   |  1- 3 |  4- 6 |  7- 9 || total
-------------------------+-------+-------+-------++-------
Melee: Dagger            |   144 |    70 |     3 ||   217
       Falchion          |       |    83 |   168 ||   251
 Fire: Hunting sling     |       |     8 |     3 ||    11
Throw: Stone             |       |    10 |    16 ||    26
 Cast: Magic Dart        |     7 |       |       ||     7
       Searing Ray       |     3 |     9 |     7 ||    19
       Dazzling Spray    |     1 |     3 |     4 ||     8
 Abil: Shaft Self        |       |     3 |     2 ||     5
       Dig               |       |     1 |       ||     1
  Use: Scroll            |       |     5 |     1 ||     6
       Potion            |       |     2 |     4 ||     6
 Stab: Sleeping          |     5 |    11 |     7 ||    23
       Distracted        |       |       |     1 ||     1
  Eat: Ration            |     1 |     2 |     4 ||     7
Armor: Robe              |    40 |    45 |    41 ||   126
       Skin              |       |       |    15 ||    15
Dodge: Dodged            |    83 |   119 |   149 ||   351
       Rpst.: Falchion   |       |    28 |    46 ||    74
